 Dungeon Crawl Stone Soup version 0.28-a0-1524-ge72afd5fc6 (webtiles) character file.

Game seed: 10250553785334402893

629405 lmSkywalker the Slayer (level 27, -1/268 HPs)
             Began as a Minotaur Fighter on Sept 16, 2021.
             Was a High Priest of Okawaru.
             Killed from afar by a Hell Sentinel (45 damage)
             ... with damnation
             ... in the Arena on Jan 18, 2022.
             The game lasted 07:54:42 (79910 turns).

lmSkywalker the Slayer (Minotaur Fighter)          Turns: 79910, Time: 07:54:43

Health: -1/268     AC: 34    Str: 38    XL:     27
Magic:  25/33      EV: 20    Int:  8    God:    Okawaru [*****.]
Gold:   11507      SH: 31    Dex: 12    Spells: 26/26 levels left

rFire   + + .      SeeInvis +   X - +9 war axe "Newtslayer" {vamp, rN+ Dex+3}
rCold   + + +      Faith    .   O - +2 tower shield "Exepips" {+Inv Regen+ Str+4 Dex-3}
rNeg    + + +      Spirit   .   Q - +8 plate armour of Dim Light {rC+ rCorr}
rPois   +          Reflect  +   T - +1 hat
rElec   .          Harm     .   c - +2 cloak
rCorr   +          Rampage  .   t - +2 pair of gloves {hurl}
Will    ++...                   p - +1 pair of boots {Stlth+}
Stlth   ..........              f - amulet "Coce" {Reflect Fragile rC++ rN+ Regen+ SH+5}
HPRegen 2.14/turn               W - ring "Jeshogg" {rPois rF++ rN+ Str+4}
MPRegen 0.23/turn               G - ring "Zabu" {rPois Str+3 Int+3 Dex-5 SInv}

@: heroic, corroded, studying Dodging, duelling
A: horns 2, retaliatory headbutt
}: 3/15 runes: decaying, serpentine, silver
a: Renounce Religion, Evoke Invisibility, Heroism, Finesse, Duel


You were in the Arena.
You worshipped Okawaru.
Okawaru was extremely pleased with you.
You visited 10 branches of the dungeon, and saw 47 of its levels.
You visited 1 ziggurat, and saw 10 of its levels.
You also visited: Wizlab and Desolation.

You collected 11557 gold pieces.
You spent 50 gold pieces at shops.

Inventory:

Hand Weapons
 X - the +9 war axe "Newtslayer" (weapon) {vamp, rN+ Dex+3}
   (You took it off a hell knight on level 2 of the Depths)

   It occasionally heals its wielder for a portion of the damage dealt when it
   wounds a living foe.
   Dex:       It affects your dexterity (+3).
   rN:        It protects you from negative energy.
Missiles
 g - 27 boomerangs of dispersal
 A - 18 javelins (quivered)
 H - 6 throwing nets
 M - 34 silver javelins
Armour
 c - a +2 cloak (worn)
 p - a +1 pair of boots of stealth (worn)
 t - a +2 pair of gloves of hurling (worn)
 N - a scarf of resistance
 O - the +2 tower shield "Exepips" (worn) {+Inv Regen+ Str+4 Dex-3}
   (You took it off Mennas on level 3 of the Depths)

   Str:       It affects your strength (+4).
   Dex:       It affects your dexterity (-3).
   +Inv:      It lets you turn invisible.
   Regen:     It increases your rate of health regeneration.
 Q - the +8 plate armour of Dim Light (worn) {rC+ rCorr}
   (Okawaru gifted it to you on level 5 of the Vaults)

   rC:        It protects you from cold.
   rCorr:     It protects you from acid and corrosion.
 T - a +1 hat (worn)
Jewellery
 f - the amulet "Coce" (around neck) {Reflect Fragile rC++ rN+ Regen+ SH+5}
   (You found it on level 6 of a ziggurat)

   [amulet of reflection]

   It reflects blocked missile attacks.
   rC:        It greatly protects you from cold.
   rN:        It protects you from negative energy.
   Regen:     It increases your rate of health regeneration.
   Fragile:   It will be destroyed if unequipped.
   SH:        It affects your SH (+5).
 w - the amulet of Reimbursement {Spirit *Slow rC+ Will+ Regen+}
   (You found it in the Desolation of Salt)

   [amulet of guardian spirit]

   It causes incoming damage to be divided between your reserves of health and
   magic.
   rC:        It protects you from cold.
   Regen:     It increases your rate of health regeneration.
   *Slow:     It may slow you when you take damage.
   Will:      It increases your willpower.
 G - the ring "Zabu" (right hand) {rPois Str+3 Int+3 Dex-5 SInv}
   (You found it in the Desolation of Salt)

   [ring of see invisible]

   Str:       It affects your strength (+3).
   Int:       It affects your intelligence (+3).
   Dex:       It affects your dexterity (-5).
   rPois:     It protects you from poison.
   SInv:      It lets you see invisible.
 R - the ring "Namez" {Fly rC+ EV+4 Str-3 Dex+3}
   (You found it on level 5 of the Vaults)

   [ring of evasion]

   EV:        It affects your evasion (+4).
   Str:       It affects your strength (-3).
   Dex:       It affects your dexterity (+3).
   rC:        It protects you from cold.
   Fly:       It grants you flight.
 W - the ring "Jeshogg" (left hand) {rPois rF++ rN+ Str+4}
   (You found it on level 3 of the Crypt)

   [ring of positive energy]

   Str:       It affects your strength (+4).
   rF:        It greatly protects you from fire.
   rPois:     It protects you from poison.
   rN:        It protects you from negative energy.
Wands
 m - a wand of acid (25)
 s - a wand of polymorph (64)
 z - a wand of paralysis (44)
 J - a wand of digging (19)
 L - a wand of iceblast (57)
 Z - a wand of mindburst (13)
Scrolls
 h - 9 scrolls of fog
 i - 6 scrolls of magic mapping
 j - 22 scrolls of teleportation
 k - a scroll of silence
 o - 18 scrolls of enchant armour
 q - 12 scrolls of blinking
 v - 12 scrolls of immolation
 x - 5 scrolls of amnesia
 y - 2 scrolls of brand weapon
 I - 5 scrolls of enchant weapon
 K - 4 scrolls of fear
Potions
 d - 8 potions of might
 e - 12 potions of haste
 l - 6 potions of heal wounds
 n - 5 potions of ambrosia
 r - 5 potions of resistance
 u - 7 potions of flight
 C - 4 potions of attraction
 D - 3 potions of berserk rage
 E - 2 potions of lignification
 F - 7 potions of mutation
 S - a potion of cancellation
 U - 22 potions of curing
Miscellaneous
 a - a phial of floods
 b - a condenser vane
 B - a tin of tremorstones (2/2)
 V - a lightning rod (4/4)


   Skills:
 + Level 25.7(27) Fighting
 - Level 12.9(21.0) Axes
 - Level 15.2(22.1) Maces & Flails
 - Level 0.2(13.2) Polearms
 - Level 14.0(19.0) Throwing
 - Level 22.4(27) Armour
 - Level 22.8(27) Dodging
 - Level 25.0(27) Shields
 + Level 15.9 Invocations
 - Level 17.9 Evocations


You had 26 spell levels left.
You didn't know any spells.
Your spell library contained the following spells:

 Spells                   Type           Power      Damage    Failure   Level
 Magic Dart               Conj           0%         1d3       67%         1
 Pain                     Necr           0%         1d4       67%         1
 Shock                    Conj/Air       0%         1d3       67%         1
 Slow                     Hex            0%         N/A       67%         1
 Sting                    Tmut/Pois      0%         1d3       67%         1
 Ensorcelled Hibernation  Hex/Ice        0%         N/A       82%         2
 Poisonous Vapours        Pois/Air       0%         N/A       82%         2
 Searing Ray              Conj           0%         2d4       82%         2
 Static Discharge         Conj/Air       0%         N/A       82%         2
 Sublimation of Blood     Necr           0%         N/A       82%         2
 Wereblood                Tmut           0%         N/A       82%         2
 Confusing Touch          Hex            0%         N/A       96%         3
 Dazzling Flash           Conj/Hex       0%         N/A       96%         3
 Gell's Gravitas          Tloc           0%         N/A       96%         3
 Ignite Poison            Fire/Tmut/Pois 0%         N/A       96%         3
 Inner Flame              Hex/Fire       0%         N/A       96%         3
 Lesser Beckoning         Tloc           0%         N/A       96%         3
 Mephitic Cloud           Conj/Pois/Air  0%         N/A       96%         3
 Ozocubu's Armour         Ice            0%         N/A       96%         3
 Portal Projectile        Hex/Tloc       0%         N/A       96%         3
 Spider Form              Tmut/Pois      0%         N/A       96%         3
 Teleport Other           Tloc           0%         N/A       96%         3
 Vampiric Draining        Necr           0%         2d6       96%         3
 Airstrike                Air            0%         N/A       100%        4
 Cause Fear               Hex            0%         N/A       100%        4
 Fulminant Prism          Conj/Hex       0%         3d6       100%        4
 Iskenderun's Mystic Bla  Conj/Tloc      0%         2d3       100%        4
 Leda's Liquefaction      Hex/Erth       0%         N/A       100%        4
 Olgreb's Toxic Radiance  Pois           0%         N/A       100%        4
 Passage of Golubria      Tloc           0%         N/A       100%        4
 Petrify                  Tmut/Erth      0%         N/A       100%        4
 Agony                    Necr           0%         N/A       100%        5
 Alistair's Intoxication  Tmut/Pois      0%         N/A       100%        5
 Blade Hands              Tmut           0%         N/A       100%        5
 Borgnjor's Vile Clutch   Necr/Erth      0%         N/A       100%        5
 Excruciating Wounds      Necr           0%         N/A       100%        5
 Fireball                 Conj/Fire      0%         3d3       100%        5
 Freezing Cloud           Conj/Ice/Air   0%         6-21      100%        5
 Irradiate                Conj/Tmut      0%         3d14      100%        5
 Iskenderun's Battlesphe  Conj           0%         2d6       100%        5
 Lightning Bolt           Conj/Air       0%         1d11      100%        5
 Silence                  Hex/Air        0%         N/A       100%        5
 Yara's Violent Unravell  Hex/Tmut       0%         3d3       100%        5
 Conjure Ball Lightning   Conj/Air       0%         3x3d6     100%        6
 Iron Shot                Conj/Erth      0%         9d1       100%        6
 Starburst                Conj/Fire      0%         6d3       100%        6
 Orb of Destruction       Conj           0%         9d5       100%        7
 Ozocubu's Refrigeration  Ice            0%         4d5       100%        7
 Storm Form               Tmut/Air       0%         N/A       100%        7
 Borgnjor's Revivificati  Necr           0%         N/A       100%        8
 Discord                  Hex            0%         N/A       100%        8
 Ignition                 Fire           0%         3d3       100%        8
 Lehudib's Crystal Spear  Conj/Erth      0%         10d2      100%        8
 Maxwell's Capacitive Co  Air            0%         ∞         100%        8
 Necromutation            Tmut/Necr      0%         N/A       100%        8
 Chain Lightning          Conj/Air       0%         N/A       100%        9
 Death's Door             Necr           0%         N/A       100%        9
 Call Canine Familiar     Summ           Unusable   N/A       N/A         3
 Summon Guardian Golem    Hex/Summ       Unusable   N/A       N/A         3
 Tukima's Dance           Hex            Unusable   N/A       N/A         3
 Animate Dead             Necr           Unusable   N/A       N/A         4
 Summon Lightning Spire   Summ/Air       Unusable   N/A       N/A         4
 Death Channel            Necr           Unusable   N/A       N/A         6
 Spellforged Servitor     Conj/Summ      Unusable   N/A       N/A         7
 Summon Hydra             Summ           Unusable   N/A       N/A         7

Dungeon Overview and Level Annotations

Branches:
Dungeon (15/15)            Temple (1/1) D:7            Lair (6/6) D:11
  Swamp (4/4) Lair:4        Snake (4/4) Lair:3        Slime (0/5) Lair:5
    Orc (2/2) D:10            Elf (2/3) Orc:2        Vaults (5/5) D:13
  Crypt (3/3) Vaults:3       Tomb (0/3) Crypt:3      Depths (5/5) D:15
    Zot (0/5) Depths:4     WizLab (visited)         Desolation (visited)

Altars:
Dithmenos
Elyvilon
Fedhas
Gozag
Kikubaaqudgha
Makhleb
Nemelex Xobeh
Okawaru
Qazlal
Ru
Sif Muna
Trog
Uskayaw
Vehumet
Wu Jian
Xom
Yredelemnul
Zin
Beogh
Lugonu

Shops:
D:3 [   D:4 *   D:8 **   D:14 *   D:15 (   Orc:1 =*   Orc:2 *[:((   Elf:1 [
Snake:1 (   Snake:2 ?   Vaults:1 !   Vaults:3 !   Depths:1 [!(

Portals:
Hell: Depths:1 Depths:2 Depths:3 Depths:4 Depths:5
Abyss: Lair:6 Depths:3 Depths:4
Pandemonium: Depths:2

Annotations:
Elf:1 4 runed translucent doors, exclusion: 5 doors
Vaults:2 2 transporters, exclusion: orange crystal statue
Vaults:4 3 runed translucent doors, exclusion: door, Siol's ghost, adept OgEn
Depths:5 exclusion: ice statue


Innate Abilities, Weirdness & Mutations

You have a pair of horns on your head.
You reflexively headbutt those who attack you in melee.


Message History

You headbutt the Hell Sentinel, but do no damage.
The Hell Sentinel is lightly wounded.
You block the Hell Sentinel's attack. x2
You hit the Hell Sentinel but do no damage.
The Hell Sentinel is lightly wounded.
The Hell Sentinel gestures at you.
The sphere of damnation explodes!
The damnation engulfs you!!
The damnation engulfs the Hell Sentinel.
The Hell Sentinel completely resists.
You hit the Hell Sentinel but do no damage.
You headbutt the Hell Sentinel, but do no damage.
The Hell Sentinel is lightly wounded.
You hit the Hell Sentinel but do no damage.
The Hell Sentinel is lightly wounded.
You block the Hell Sentinel's attack.
The Hell Sentinel hits you but does no damage.
You slice the Hell Sentinel!!
The Hell Sentinel is moderately wounded.
You block the Hell Sentinel's attack. The Hell Sentinel barely misses you.
You slash the Hell Sentinel!
You headbutt the Hell Sentinel, but do no damage.
The Hell Sentinel is moderately wounded.
The Hell Sentinel gestures at you. The iron shot hits you!!!
* * * LOW HITPOINT WARNING * * *
You hit the Hell Sentinel but do no damage.
You headbutt the Hell Sentinel.
The Hell Sentinel is moderately wounded.
You slice the Hell Sentinel!! You headbutt the Hell Sentinel.
The Hell Sentinel is heavily wounded.
The Hell Sentinel gestures at you.
The sphere of damnation explodes!
The damnation engulfs you!!
* * * LOW HITPOINT WARNING * * *
The damnation engulfs the Hell Sentinel.
The Hell Sentinel completely resists.
You gain the combat prowess of a mighty hero.
The Hell Sentinel gestures at you.
The sphere of damnation explodes!
The damnation engulfs you!!!
You die...
Okawaru crowns the Hell Sentinel victorious!

###########
#..pppp.p.#
#.▓▓▓▓▓▓▓.#
#.▓.....▓p#
#p▓.....▓▓#
#p▓.1@..▓∩#
#p▓.....▓▓#
#p▓.....▓p#
#.▓▓▓▓▓▓▓.#
#...pppp..#
###########


You could see a Hell Sentinel.

Vanquished Creatures
  A dread lich (Crypt:3)
  5 ancient liches
  Mennas (Depths:3)
  3 juggernauts
  Boris (twice) (Vaults:3 Depths:4)
  Margery (Arena)
  Xtahua (Crypt:2)
  9 caustic shrikes
  A caustic shrike (shapeshifter) (Vaults:5)
  8 golden dragons
  Jory (Depths:4)
  the Enchantress (Depths:5)
  A doom hound (Crypt:1)
  A bone dragon (Crypt:1)
  A Tzitzimitl (Crypt:1)
  2 shard shrike zombies (Crypt:3)
  The ghost of speeev33 the Slayer, an adept MiHu of Okawaru (Snake:4)
  6 titans
  Jorgrun (D:15)
  5 tentacled monstrosities
  9 liches
  The ghost of Dittersdorf the Slayer, an adept GrFi of Okawaru (Depths:2)
  3 quicksilver dragons
  A walking divine tome (Depths:5)
  The ghost of Ijoschar the Demon Slayer, an adept HuFi of the Shining One (Snake:3)
  6 sphinxes
  6 storm dragons
  4 ancient champions
  A thorn hunter (Swamp:3)
  5 shadow dragons
  The ghost of AttackTheMoon the Transmogrifier, an adept DrTm of Cheibriados (Snake:4)
  7 tengu reavers
  2 draconian monks (Zig:8)
  2 fenstrider witches
  A revenant (Crypt:1)
  Donald (Elf:2)
  2 rockslimes (Zig:5)
  A nagaraja (Snake:4)
  2 draconian scorchers
  2 narguns (Zig:7)
  6 fire giants
  The ghost of Herakh the Fighter, a journeyman OgFE of Vehumet (Lair:5)
  The ghost of Timpunn the Zephyrmancer, a journeyman PaAE of the Shining One (Swamp:2)
  An iron dragon (Depths:5)
  4 demonspawn corrupters (WizLab)
  A deep elf sorcerer (Vaults:5)
  Louise (Elf:2)
  4 orc warlords
  The ghost of lunkers the Brawler, a journeyman TrCA of Ignis (Orc:2)
  A walking earthen tome (Depths:4)
  3 imperial myrmidons (Desolation)
  13 ironbound preservers
  19 vault wardens
  A balrug (Depths:5)
  11 ghouls
  8 frost giants
  2 juggernaut zombies (Crypt:3)
  7 spriggan defenders
  3 reapers
  33 very ugly things
  A caustic shrike skeleton (Crypt:3)
  6 war gargoyles
  2 demonspawn blood saints (Zig:6)
  A green draconian (Zig:8)
  20 stone giants
  A juggernaut skeleton (Crypt:1)
  3 deep elf demonologists
  8 vampire knights
  3 black draconians (Zig:8)
  2 spectral hellephants (Crypt:1)
  A deep elf annihilator (Vaults:5)
  2 halazid warlocks (Desolation)
  Azrael (Elf:1)
  A minotaur (Orc:2)
  5 bunyips
  9 boulder beetles
  10 spark wasps
  5 entropy weavers
  Fannar (Lair:2)
  A yellow draconian (Zig:8)
  4 dire elephants (Vaults:1)
  2 wendigos (Zig:7)
  9 crystal guardians
  A white draconian (Zig:8)
  8 eidola
  32 hydras
  4 merfolk javelineers
  5 eleionomae
  8 deep elf death magi
  A merfolk impaler (Zig:9)
  A blizzard demon (Depths:5)
  19 ettins
  5 catoblepae
  A mummy priest (Crypt:3)
  The ghost of SkeletonJelly the Arsonist, a journeyman DrCA of Ignis (Lair:2)
  14 jiangshi
  5 ragged hierophants (Desolation)
  7 fire dragons
  31 dancing weapons
  14 yaktaur captains
  9 deep elf high priests
  3 shambling mangroves (Swamp:4)
  19 centaur warriors
  8 rakshasas
  22 tengu warriors
  3 two-headed ogres
  10 death yaks
  31 vault guards
  6 great orbs of eyes
  15 naga warriors
  8 ice dragons
  9 servants of whispers (Desolation)
  A quicksilver dragon skeleton (Crypt:3)
  A salamander tyrant (Snake:4)
  A ghost crab (Swamp:2)
  7 ironbound thunderhulks
  6 spriggan air magi
  13 peacekeepers
  8 ironbound frosthearts
  17 anacondas
  A merfolk aquamancer (WizLab)
  A satyr (Zig:9)
  4 death knights
  2 spectral elves (Crypt:1)
  10 alligators
  10 deep troll shamans
  Sonja (D:13)
  6 vampire magi
  6 shock serpents
  9 naga sharpshooters
  19 spriggan berserkers
  5 orc high priests
  4 hell hogs (Depths:5)
  4 thrashing horrors (Lair:6)
  8 deep troll earth magi
  3 sun demons (Depths:5)
  A storm dragon zombie (Crypt:3)
  11 salamander mystics
  9 soul eaters
  7 deep elf knights
  27 hell knights
  15 iron trolls
  2 titan skeletons (Crypt:3)
  A ghost moth zombie (Crypt:1)
  4 shadow wraiths (Depths:5)
  A fire crab (Lair:5)
  A large abomination (Lair:6)
  3 death drakes
  23 skeletal warriors
  3 goliath frogs
  2 quicksilver dragon simulacra (Depths:5)
  5 glowing orange brains
  5 spriggan druids
  A bunyip zombie (Crypt:3)
  46 deep trolls
  A swamp dragon (shapeshifter) (Depths:3)
  6 flayed ghosts
  11 swamp dragons
  10 naga ritualists
  2 sea snakes (Zig:9)
  21 wizards
  An obsidian statue (Depths:3)
  23 ironbound convokers
  9 bog bodies
  A golden dragon skeleton (Crypt:2)
  17 mana vipers
  20 necromancers
  16 phantasmal warriors
  18 deep elf pyromancers
  A draconian zombie (Crypt:3)
  13 harpies
  17 orc knights
  An iron dragon zombie (Crypt:3)
  17 deep elf zephyrmancers
  46 ugly things
  An orb spider (shapeshifter) (Depths:3)
  6 orc sorcerers
  3 human zombies
  An oklob plant (Lair:1)
  4 lindwurms
  4 cyclopes
  2 stone giant zombies (Crypt:3)
  3 manticores (shapeshifter)
  15 elephants
  28 salamanders
  8 will-o-the-wisps
  A dire elephant zombie (Crypt:3)
  Maurice (D:13)
  5 worldbinders
  A stone giant skeleton (Crypt:3)
  A guardian serpent (shapeshifter) (Depths:3)
  2 black mambas (shapeshifter)
  14 guardian serpents
  A fire giant skeleton (Vaults:3)
  3 manticores
  2 merfolk sirens (Zig:9)
  16 naga magi
  Joseph (D:8)
  63 black mambas
  2 water nymphs (Zig:9)
  An eye of devastation (shapeshifter) (Vaults:5)
  22 vault sentinels
  14 cane toads
  3 smoke demons (Lair:6)
  2 molten gargoyles
  An alligator snapping turtle zombie (Crypt:3)
  6 torpor snails
  A dire elephant skeleton (Crypt:3)
  A centaur skeleton (Crypt:3)
  A kobold demonologist (D:10)
  4 rime drakes
  3 unseen horrors
  16 komodo dragons
  35 yaktaurs
  13 hellwings (Crypt:3)
  9 freezing wraiths
  An ancient zyme (Lair:6)
  2 harpy zombies (Crypt:3)
  2 tormentors (Crypt:1)
  A catoblepas skeleton (Crypt:2)
  11 tengu conjurers
  2 guardian mummies (Crypt:3)
  A polar bear (shapeshifter) (Depths:3)
  A queen bee (Lair:1)
  5 tyrant leeches
  3 meliai (D:15)
  8 trolls
  A tyrant leech (shapeshifter) (Depths:3)
  A jumping spider (shapeshifter) (Depths:3)
  30 hornets
  A death drake zombie (Crypt:2)
  2 harpy skeletons (Crypt:3)
  A snapping turtle (shapeshifter) (Depths:3)
  6 merfolk (Zig:9)
  48 slime creatures
  63 saltlings (Desolation)
  A human skeleton (Vaults:3)
  42 blink frogs
  An ettin zombie (Crypt:2)
  A fire dragon zombie (Crypt:3)
  A meliai zombie (D:10)
  A satyr skeleton (Crypt:2)
  3 water elementals
  27 spriggans
  12 flying skulls (Crypt:1)
  4 wyverns
  2 black mamba zombies
  A redback (shapeshifter) (Depths:4)
  8 redbacks
  A shadow (D:12)
  5 air elementals
  2 yaks (shapeshifter)
  An ettin skeleton (Crypt:3)
  6 fire elementals
  2 ynoxinuls (Lair:6)
  A human (Depths:4)
  11 basilisks
  A basilisk (shapeshifter) (Depths:3)
  2 golden eyes (WizLab)
  21 wraiths
  37 yaks
  A fire bat (shapeshifter) (Depths:3)
  3 steam dragons
  3 chaos spawn
  An elf skeleton (Vaults:3)
  6 wargs
  2 swamp worms (shapeshifter)
  30 nagas
  An acid dragon (D:11)
  A naga zombie (Crypt:3)
  The ghost of Maimakterion the Digger, an amateur GrEE (D:4)
  An acid dragon (shapeshifter) (D:15)
  22 swamp worms
  15 water moccasins
  A floating eye (Depths:4)
  3 hell hounds (Elf:1)
  58 orc warriors
  2 hornet zombies (D:8)
  A naga skeleton (Crypt:3)
  A black bear (shapeshifter) (Depths:3)
  6 swamp drakes (Swamp:4)
  4 black bears
  2 ice beasts
  2 sky beasts (D:7)
  12 necrophages
  2 ettin simulacra (Depths:5)
  4 ogres
  23 wolves
  9 boggarts
  5 centaurs
  A blink frog skeleton (Crypt:1)
  2 kobold brigands (D:8)
  A gnoll sergeant (D:10)
  18 bullfrogs
  A wyvern zombie (D:8)
  4 earth elementals
  4 scorpions
  8 wyvern skeletons
  31 killer bees
  8 wights
  9 howler monkeys
  A wolf zombie (Crypt:2)
  An electric eel (Lair:4)
  6 centaur zombies
  15 small abominations (Lair:6)
  A lava snake (D:14)
  A black bear zombie (Crypt:1)
  2 bullfrog zombies
  4 hounds
  34 orc priests
  3 gnoll shamans
  3 jellies
  Crazy Yiuf (D:4)
  4 iguanas
  30 orc wizards
  A tengu skeleton (Crypt:2)
  An acid dragon skeleton (Crypt:1)
  A mummy (Crypt:3)
  A howler monkey skeleton (D:4)
  4 howler monkey zombies
  18 gnolls
  5 adders
  A shadow imp (D:6)
  A white imp (D:8)
  An ufetubus (D:7)
  2 worms (D:3)
  4 dart slugs
  77 orcs
  An endoplasm (shapeshifter) (Depths:5)
  7 endoplasms
  8 giant cockroaches
  13 goblins
  5 hobgoblins
  5 jackals
  15 kobolds
  A quokka (D:1)
  4 ball pythons
  6 bats
  A dart slug zombie (Crypt:1)
  2 frilled lizards
  An orc skeleton (Crypt:1)
  7 rats
2506 creatures vanquished.

Vanquished Creatures (others)
  A shard shrike (Zig:7)
  A vault warden (Vaults:5)
  A war gargoyle (Vaults:5)
  2 spark wasps (Depths:5)
  A vault guard (Vaults:5)
  A soul eater (Depths:5)
  A deep troll (Vaults:2)
  A spriggan simulacrum (Zig:7)
  An ugly thing (Vaults:5)
  A bloated husk (Swamp:1)
  A hornet (Swamp:4)
  A saltling (Desolation)
  A blink frog (Lair:6)
  2 air elementals (Elf:2)
  A water elemental (Elf:2)
  An orc warrior (Vaults:3)
  4 ettin simulacra (Depths:5)
  2 orc wizards
  12 ball lightnings (Elf:2)
  37 foxfires
  41 fungi
  72 plants
  19 withered plants
205 creatures vanquished.

Grand Total: 2711 creatures vanquished

Notes
Turn   | Place    | Note
-------+----------+-------------------------------------------
     0 | D:1      | lmSkywalker the Minotaur Fighter began the quest for the
                  | Orb.
     0 | D:1      | Reached XP level 1. HP: 19/19 MP: 0/0
   149 | D:1      | Reached XP level 2. HP: 25/26 MP: 1/1
   398 | D:1      | Found a faded altar of an unknown god.
   729 | D:2      | Reached XP level 3. HP: 31/31 MP: 2/2
  1611 | D:2      | You fall into a shaft and drop 1 floor!
  1736 | D:2      | Reached skill level 5 in Axes
  1736 | D:2      | Reached XP level 4. HP: 16/39 MP: 3/3
  2294 | D:3      | Reached XP level 5. HP: 11/45 MP: 4/4
  2840 | D:3      | Found Muihonga's Armour Emporium.
  3054 | D:4      | Noticed an ogre
  3386 | D:4      | Found Duatagohenk's General Store.
  3396 | D:4      | Bought a scroll of fog for 22 gold pieces
  3646 | D:4      | Noticed a necrophage
  3655 | D:4      | Killed a necrophage
  3656 | D:4      | Reached XP level 6. HP: 51/51 MP: 5/5
  3696 | D:4      | Found a runed translucent door.
  3697 | D:4      | Noticed Crazy Yiuf
  4099 | D:3      | Reached skill level 1 in Dodging
  4256 | D:4      | Found a runed translucent gate.
  4256 | D:4      | Found a runed translucent gate.
  4257 | D:4      | Found a runed translucent gate.
  4258 | D:4      | Noticed Maimakterion's ghost (amateur GrEE)
  4532 | D:4      | Reached XP level 7. HP: 48/59 MP: 6/6
  5094 | D:5      | Entered Level 5 of the Dungeon
  5193 | D:5      | Reached skill level 5 in Armour
  6021 | D:6      | Reached XP level 8. HP: 62/66 MP: 7/7
  6025 | D:6      | Reached skill level 5 in Dodging
  6585 | D:6      | Found a sacrificial altar of Ru.
  7309 | D:7      | Found a staircase to the Ecumenical Temple.
  7332 | Temple   | Entered the Ecumenical Temple
  7361 | Temple   | Became a worshipper of Warmaster Okawaru
  7586 | D:7      | Reached XP level 9. HP: 63/71 MP: 8/8
  8509 | D:8      | Noticed Joseph
  8581 | D:8      | Found Uneggu's General Store.
  8581 | D:8      | Found Figgurgh's Specific Store.
  8594 | D:8      | Identified the +5 mace of Hoticvaq {vamp, rElec rC- Str+5}
  8617 | D:8      | Reached skill level 1 in Maces & Flails
  8626 | D:8      | Reached * piety under Okawaru
  8739 | D:8      | Noticed a centaur warrior
  8755 | D:8      | Killed a centaur warrior
  8756 | D:8      | Reached skill level 10 in Armour
  8906 | D:8      | Noticed a two-headed ogre
  9066 | D:8      | Killed Joseph
  9210 | D:8      | Reached ** piety under Okawaru
  9211 | D:8      | Reached skill level 5 in Maces & Flails
  9322 | D:8      | Identified the amulet "Tevups" {Faith Harm MP+9 Int+3 SInv}
  9332 | D:8      | Reached XP level 10. HP: 78/78 MP: 9/9
  9602 | D:8      | Killed a two-headed ogre
  9617 | D:8      | Noticed a cyclops
  9624 | D:8      | Killed a cyclops
  9747 | D:8      | Noticed a boulder beetle
  9766 | D:8      | Killed a boulder beetle
  9766 | D:8      | Reached *** piety under Okawaru
  9767 | D:8      | Reached skill level 10 in Dodging
 10367 | D:9      | You fall into a shaft and drop 3 floors!
 10552 | D:11     | Reached skill level 1 in Invocations
 10614 | D:12     | Reached skill level 5 in Fighting
 11010 | D:10     | Entered Level 10 of the Dungeon
 11020 | D:11     | Reached XP level 11. HP: 88/88 MP: 8/12
 11107 | D:10     | Reached **** piety under Okawaru
 11422 | D:10     | Reached skill level 1 in Throwing
 11426 | D:10     | Received a gift from Okawaru
 11935 | D:8      | Bought a scroll of identify for 28 gold pieces
 12128 | D:8      | Noticed a boulder beetle
 12155 | D:8      | Killed a boulder beetle
 12156 | D:8      | Reached skill level 10 in Maces & Flails
 13050 | D:10     | Reached ***** piety under Okawaru
 13218 | D:10     | Received a gift from Okawaru
 13393 | D:10     | Upgraded the game from 0.28-a0-476-g0f06bd746f to
                  | 0.28-a0-479-g5baa6b73be
 13499 | D:10     | Found a staircase to the Orcish Mines.
 14147 | D:11     | Noticed a boulder beetle
 14165 | D:11     | Killed a boulder beetle
 14602 | D:11     | Found a staircase to the Lair.
 14681 | D:11     | Reached XP level 12. HP: 100/103 MP: 13/13
 15849 | D:13     | Received a gift from Okawaru
 16247 | D:13     | Noticed Sonja
 16256 | D:13     | Killed Sonja
 16257 | D:13     | Reached skill level 10 in Fighting
 16266 | D:13     | Noticed a boulder beetle
 16273 | D:13     | Killed a boulder beetle
 16273 | D:13     | Received a gift from Okawaru
 16293 | D:13     | Noticed a centaur warrior
 16308 | D:13     | Killed a centaur warrior
 16481 | D:13     | Noticed a centaur warrior
 16490 | D:13     | Killed a centaur warrior
 16524 | D:13     | Found a gate to the Vaults.
 16608 | D:13     | Noticed Maurice
 16616 | D:13     | Killed Maurice
 16738 | D:13     | Noticed a tengu warrior
 16739 | D:13     | Noticed a boulder beetle
 16760 | D:13     | Killed a tengu warrior
 16776 | D:13     | Killed a boulder beetle
 16870 | D:13     | Noticed a stone giant
 16871 | D:13     | Noticed a centaur warrior
 16888 | D:13     | Killed a centaur warrior
 16889 | D:13     | Reached XP level 13. HP: 122/122 MP: 12/14
 16990 | Lair:1   | Entered Level 1 of the Lair of Beasts
 17035 | Lair:1   | Identified the +0 pair of boots of the Devil's Advocate
                  | {Stlth+}
 17426 | Lair:1   | Received a gift from Okawaru
 17620 | Lair:1   | Found a blossoming altar of Fedhas.
 17879 | Lair:1   | Reached skill level 15 in Fighting
 18328 | Lair:1   | Upgraded the game from 0.28-a0-479-g5baa6b73be to
                  | 0.28-a0-503-g83f2989fac
 18329 | Lair:2   | Noticed Fannar
 18329 | Lair:2   | Found a runed translucent gate.
 18329 | Lair:2   | Found a runed translucent gate.
 18329 | Lair:2   | Found a runed translucent gate.
 18386 | Lair:2   | Found a stormy altar of Qazlal.
 18468 | Lair:2   | Noticed SkeletonJelly's ghost (journeyman DrCA)
 18492 | Lair:2   | Killed Fannar
 18567 | Lair:2   | Reached skill level 5 in Invocations
 19259 | Lair:3   | Found a staircase to the Snake Pit.
 19968 | Lair:3   | Reached XP level 14. HP: 135/135 MP: 19/19
 20000 | Lair:3   | Received a gift from Okawaru
 20074 | Lair:3   | Reached skill level 10 in Invocations
 20748 | Lair:4   | You fall into a shaft and drop 1 floor!
 20861 | Lair:5   | Found a staircase to the Slime Pits.
 20903 | Lair:4   | Received a gift from Okawaru
 21022 | Lair:4   | Found a staircase to the Swamp.
 21594 | Lair:4   | Reached skill level 5 in Throwing
 21983 | Lair:4   | Upgraded the game from 0.28-a0-503-g83f2989fac to
                  | 0.28-a0-511-gcc94558de3
 22282 | Lair:5   | Received a gift from Okawaru
 22312 | Lair:5   | Found a white marble altar of Elyvilon.
 22425 | Lair:5   | Found a runed translucent gate.
 22426 | Lair:5   | Found a runed translucent gate.
 22426 | Lair:5   | Found a runed translucent gate.
 22427 | Lair:5   | Noticed Herakh's ghost (journeyman OgFE)
 23406 | D:4      | Killed Crazy Yiuf
 23496 | D:4      | Killed Maimakterion's ghost
 23745 | Lair:2   | Killed SkeletonJelly's ghost
 23852 | Lair:6   | Entered Level 6 of the Lair of Beasts
 23866 | Lair:5   | Received a gift from Okawaru
 24130 | Lair:6   | Received a gift from Okawaru
 24180 | Lair:6   | Reached XP level 15. HP: 143/143 MP: 23/23
 24348 | Lair:6   | Received a gift from Okawaru
 24473 | Lair:6   | Reached skill level 10 in Throwing
 25174 | Lair:6   | Reached ****** piety under Okawaru
 25225 | Lair:6   | Identified a scroll of acquirement
 25259 | Lair:6   | Received a gift from Okawaru
 25608 | Lair:6   | Found a corrupted altar of Lugonu.
 25608 | Lair:6   | Found a one-way gate to the infinite horrors of the Abyss.
 25957 | Lair:6   | Acquired the +6 dire flail of Osusatz {freeze, *Rage Str+2}
 26178 | Orc:1    | Entered Level 1 of the Orcish Mines
 26186 | Orc:1    | Found Tobraemu's General Store.
 26410 | Orc:2    | Entered Level 2 of the Orcish Mines
 26410 | Orc:2    | Noticed lunkers's ghost (journeyman TrCA)
 26530 | Orc:2    | Found a runed translucent gate.
 26530 | Orc:2    | Found a runed translucent gate.
 26530 | Orc:2    | Found a runed translucent gate.
 26539 | Orc:2    | Found Caizujoa's Weapon Emporium.
 26719 | Orc:2    | Found a staircase to the Elven Halls.
 26894 | Arena    | Entered the Arena
 27396 | Orc:1    | Found Loadgh's Jewellery Shop.
 27787 | Orc:1    | You fall into a shaft and drop 1 floor!
 28264 | Orc:2    | Identified the +8 dire flail "Eqidgh" {vorpal, *Corrode
                  | Dex+9 SInv} (Okawaru gifted it to you on level 2 of the
                  | Orcish Mines)
 28264 | Orc:2    | Received a gift from Okawaru
 28513 | Orc:2    | Found Nuweabat's Antique Armour Shop.
 28514 | Orc:2    | Found Ligap's Antique Weapon Boutique.
 28516 | Orc:2    | Found Qapitime's General Store.
 28516 | Orc:2    | Found Rugo's Book Shop.
 28663 | Orc:2    | Killed lunkers's ghost
 28885 | Snake:1  | Entered Level 1 of the Snake Pit
 29004 | Snake:1  | Found Afiel's Weapon Shoppe.
 29005 | Snake:1  | You fall into a shaft and drop 1 floor!
 29257 | Snake:1  | Reached XP level 16. HP: 131/149 MP: 21/24
 29492 | Snake:1  | Upgraded the game from 0.28-a0-511-gcc94558de3 to
                  | 0.28-a0-514-g0d7ab7f379
 29582 | Snake:1  | Received a gift from Okawaru
 29887 | Snake:2  | Found Tinlof's Magic Scroll Emporium.
 30186 | Snake:2  | Identified the +0 hat "Qoatok" {Regen+ Str-4 Int+3}
                  | (Okawaru gifted it to you on level 2 of the Snake Pit)
 30186 | Snake:2  | Received a gift from Okawaru
 31211 | Snake:2  | Reached skill level 15 in Dodging
 32285 | Snake:3  | Reached skill level 1 in Evocations
 32437 | Snake:3  | Received a gift from Okawaru
 32901 | Snake:3  | Found a large runed translucent door.
 32901 | Snake:3  | Found a large runed translucent door.
 32903 | Snake:3  | Noticed Ijoschar's ghost (adept HuFi)
 32918 | Snake:3  | Killed Ijoschar's ghost
 33066 | Snake:4  | Entered Level 4 of the Snake Pit
 33181 | Snake:4  | Reached XP level 17. HP: 140/160 MP: 25/25
 33229 | Snake:4  | Received a gift from Okawaru
 33230 | Snake:4  | Reached skill level 5 in Evocations
 33303 | Snake:4  | Received a gift from Okawaru
 33623 | Swamp:1  | Entered Level 1 of the Swamp
 33671 | Swamp:1  | Identified the +11 mace "Rinouchi" {spect, rPois rN+}
                  | (Okawaru gifted it to you on level 1 of the Swamp)
 33671 | Swamp:1  | Received a gift from Okawaru
 35055 | Swamp:2  | Received a gift from Okawaru
 35056 | Swamp:2  | Found a runed translucent gate.
 35131 | Swamp:2  | Found a runed translucent gate.
 35132 | Swamp:2  | Found a runed translucent gate.
 35139 | Swamp:2  | Noticed Timpunn's ghost (journeyman PaAE)
 35735 | Swamp:3  | Identified the +0 ring mail of Reason {Harm *Slow rCorr
                  | Int+3}
 36158 | Swamp:3  | Reached skill level 15 in Armour
 36200 | Swamp:4  | Entered Level 4 of the Swamp
 36401 | Swamp:4  | Reached XP level 18. HP: 166/169 MP: 26/26
 36404 | Swamp:4  | Received a gift from Okawaru
 36542 | Swamp:4  | Received a gift from Okawaru
 36636 | Swamp:4  | Got a decaying rune of Zot
 37538 | Snake:4  | Reached skill level 10 in Evocations
 37638 | Snake:4  | Received a gift from Okawaru
 37911 | Snake:4  | Received a gift from Okawaru
 38008 | Snake:4  | Found a runed translucent gate.
 38008 | Snake:4  | Found a runed translucent gate.
 38008 | Snake:4  | Found a runed translucent gate.
 38012 | Snake:4  | Noticed speeev33's ghost (adept MiHu)
 38012 | Snake:4  | Noticed AttackTheMoon's ghost (adept DrTm)
 38764 | Snake:4  | Identified the +0 morningstar "Vyubur" {spect, rPois}
                  | (Okawaru gifted it to you on level 4 of the Snake Pit)
 38764 | Snake:4  | Received a gift from Okawaru
 38938 | Snake:4  | Upgraded the game from 0.28-a0-514-g0d7ab7f379 to
                  | 0.28-a0-529-g3bad584f25
 38969 | Snake:4  | Got a serpentine rune of Zot
 39218 | Snake:4  | Killed AttackTheMoon's ghost
 39240 | Snake:4  | Killed speeev33's ghost
 39948 | D:13     | Got the Volume of Shifting Feathers
 39951 | D:13     | Identified the +0 chain mail "Kudifik" {Rampage rCorr MP-9}
 40323 | D:14     | Reached skill level 5 in Shields
 40619 | D:14     | Found the +5 scythe "Finisher" {speed, eviscerate}
 40752 | D:14     | Found Loqyecaj's Assorted Antiques.
 40962 | D:15     | Entered Level 15 of the Dungeon
 41126 | D:15     | Found Vyolol's Antique Weapon Boutique.
 41297 | D:15     | Noticed Jorgrun
 41320 | D:15     | Killed Jorgrun
 41493 | D:15     | Found a basalt altar of Yredelemnul.
 41556 | D:15     | Reached XP level 19. HP: 172/181 MP: 25/27
 41895 | D:15     | Found a staircase to the Depths.
 42317 | Elf:1    | Entered Level 1 of the Elven Halls
 42317 | Elf:1    | Found a runed translucent gate.
 42317 | Elf:1    | Found a runed translucent gate.
 42317 | Elf:1    | Found a runed translucent gate.
 42317 | Elf:1    | Found a runed translucent gate.
 42317 | Elf:1    | Found a runed translucent gate.
 42317 | Elf:1    | Found a runed translucent gate.
 42319 | Elf:1    | Found a runed translucent door.
 42323 | Elf:1    | Received a gift from Okawaru
 42453 | Elf:1    | Found a runed translucent door.
 42504 | Elf:1    | Noticed Azrael
 42513 | Elf:1    | Killed Azrael
 42514 | Elf:1    | Reached skill level 10 in Shields
 42734 | Elf:1    | Found Kupab's Armour Shop.
 42948 | Elf:1    | Received a gift from Okawaru
 43184 | Elf:1    | Paralysed by an air elemental for 1 turns
 43542 | Elf:1    | Paralysed by an air elemental for 1 turns
 43547 | Elf:1    | Paralysed by an air elemental for 1 turns
 43708 | Elf:2    | Paralysed by an air elemental for 1 turns
 43843 | Elf:2    | Paralysed by an air elemental for 1 turns
 44006 | Elf:2    | Found a crumbling gateway.
 44016 | Desolati | Entered the Desolation of Salt
 44264 | Desolati | Received a gift from Okawaru
 44470 | Desolati | Upgraded the game from 0.28-a0-529-g3bad584f25 to
                  | 0.28-a0-537-g3bccd9ccbf
 44708 | Desolati | Identified the +5 scimitar "Webaoluc" {flame, *Noise Dex+5}
 44708 | Desolati | Identified the ring "Sisakhi" {Drain rElec rC+++ rN+
                  | Stlth+}
 44720 | Desolati | Upgraded the game from 0.28-a0-537-g3bccd9ccbf to
                  | 0.28-a0-556-gab23d0e057
 44738 | Desolati | Identified the amulet of Reimbursement {Spirit *Slow rC+
                  | Will+ Regen+}
 44752 | Desolati | Got Ibasosicw's Grimoire of Poisoning and Execration
 44843 | Desolati | Reached skill level 15 in Shields
 44905 | Desolati | Identified the ring of Juett {Drain Str+6 Int+5}
 44907 | Desolati | Identified the ring "Ofinn" {rC+ rCorr Int+3 Dex+4}
 44915 | Desolati | Identified the ring "Zabu" {rPois Str+3 Int+3 Dex-5 SInv}
 45182 | Desolati | Received a gift from Okawaru
 45190 | Desolati | Identified the +5 morningstar "Killer Bee's Death" {vamp,
                  | *Rage}
 45249 | Desolati | Got the Almanac of the Fetching Rocks
 45908 | Elf:2    | Found a huge runed translucent gate.
 45908 | Elf:2    | Found a huge runed translucent gate.
 45908 | Elf:2    | Found a huge runed translucent gate.
 45908 | Elf:2    | Found a huge runed translucent gate.
 45908 | Elf:2    | Found a huge runed translucent gate.
 46364 | Elf:2    | Noticed Louise
 46381 | Elf:2    | Killed Louise
 46383 | Elf:2    | Noticed Donald
 46396 | Elf:2    | Killed Donald
 46397 | Elf:2    | Reached XP level 20. HP: 191/191 MP: 25/28
 47458 | Lair:5   | Killed Herakh's ghost
 47982 | Vaults:1 | Entered Level 1 of the Vaults
 48008 | Vaults:1 | Reached skill level 15 in Maces & Flails
 49294 | Vaults:1 | Received a gift from Okawaru
 49397 | Vaults:1 | Identified the +7 hunting sling "Busommoh" {vorpal, +Blink
                  | rC+ Int+5}
 49741 | Vaults:1 | Found Irilem's Distillery.
 49777 | Vaults:1 | Received a gift from Okawaru
 51180 | Vaults:2 | Identified the +0 robe of the Cobbler {Harm Slay-4
                  | Archmagi} (Okawaru gifted it to you on level 2 of the
                  | Vaults)
 51180 | Vaults:2 | Received a gift from Okawaru
 51781 | Vaults:2 | Reached XP level 21. HP: 127/201 MP: 14/29
 52875 | Vaults:2 | Found a transporter.
 52887 | Vaults:2 | Found a transporter.
 52916 | Vaults:2 | Upgraded the game from 0.28-a0-556-gab23d0e057 to
                  | 0.28-a0-563-gf77a47075d
 53097 | Vaults:3 | Found a magical portal.
 53113 | WizLab   | Entered Alistair's Party Mansion
 53479 | WizLab   | Noticed a golden dragon
 53479 | WizLab   | Noticed a golden dragon
 53738 | WizLab   | Got the Volume of Unstable Toxins
 55030 | Vaults:3 | Acquired a manual of Evocations
 55358 | Vaults:3 | Received a gift from Okawaru
 55759 | Vaults:3 | Noticed Boris
 55773 | Vaults:3 | Killed Boris
 55903 | Vaults:3 | Found a staircase to the Crypt.
 55972 | Vaults:3 | Found Riets's Distillery.
 56274 | Vaults:3 | Noticed Margery
 56281 | Arena    | Entered the Arena
 56293 | Arena    | Killed Margery
 56892 | Vaults:3 | Upgraded the game from 0.28-a0-563-gf77a47075d to
                  | 0.28-a0-653-g7e9dba17c3
 56896 | Vaults:3 | Reached XP level 22. HP: 213/213 MP: 30/30
 59030 | Vaults:4 | Reached XP level 23. HP: 222/222 MP: 29/31
 59110 | Vaults:4 | Received a gift from Okawaru
 59172 | Vaults:4 | Upgraded the game from 0.28-a0-653-g7e9dba17c3 to
                  | 0.28-a0-1033-g1a2f33fa85
 59462 | Vaults:4 | Found a runed translucent gate.
 59462 | Vaults:4 | Found a runed translucent gate.
 59462 | Vaults:4 | Found a runed translucent gate.
 59738 | Vaults:4 | Noticed Siol's ghost (adept OgEn)
 59947 | Depths:1 | Entered Level 1 of the Depths
 59953 | Depths:1 | Identified the +2 eveningstar "Jaoninip" {venom, rN+}
 59958 | Depths:1 | Found Bem Jac's Distillery.
 60540 | Depths:1 | Found Jaati's Antique Weapon Boutique.
 60827 | Depths:1 | Found Iguficio's Armour Boutique.
 61251 | Depths:1 | Found a gateway to Hell.
 61422 | Depths:2 | Identified the +1 scale mail of the Barnacle {rF+ Regen+}
                  | (Okawaru gifted it to you on level 2 of the Depths)
 61422 | Depths:2 | Received a gift from Okawaru
 61635 | Depths:2 | Found a large runed translucent door.
 61642 | Depths:2 | Found a large runed translucent door.
 61645 | Depths:2 | Noticed Dittersdorf's ghost (adept GrFi)
 61669 | Depths:2 | Noticed a caustic shrike
 61681 | Depths:2 | Killed a caustic shrike
 61684 | Depths:2 | Noticed a caustic shrike
 61691 | Depths:2 | Killed a caustic shrike
 61698 | Depths:2 | Noticed a juggernaut
 61708 | Depths:2 | Killed a juggernaut
 62734 | Depths:2 | Found a one-way gate leading to the halls of Pandemonium.
 62928 | Depths:2 | Identified the +9 war axe "Newtslayer" {vamp, rN+ Dex+3}
 63367 | Depths:2 | Killed Dittersdorf's ghost
 63427 | Depths:3 | Identified the +2 tower shield "Exepips" {+Inv Regen+ Str+4
                  | Dex-3}
 63427 | Depths:3 | Noticed Mennas
 63454 | Depths:3 | Killed Mennas
 63454 | Depths:3 | Received a gift from Okawaru
 64123 | Depths:3 | Identified the +1 robe of Death's Door {rF+ rN+}
 64302 | Depths:3 | Reached XP level 24. HP: 202/235 MP: 25/31
 64470 | Arena    | Entered the Arena
 64875 | Depths:3 | Received a gift from Okawaru
 64933 | Depths:3 | Reached skill level 10 in Axes
 65310 | Depths:3 | Identified the +6 chain mail "Hythatul" {rPois Int+2}
 65729 | Depths:4 | Paralysed by a floating eye for 4 turns
 65745 | Depths:4 | Received a gift from Okawaru
 65925 | Depths:4 | Noticed a juggernaut
 65940 | Depths:4 | Killed a juggernaut
 65952 | Depths:4 | Received a gift from Okawaru
 66176 | Depths:4 | Found a hide-covered altar of Uskayaw.
 66227 | Depths:4 | Noticed Boris
 66246 | Depths:4 | Killed Boris
 66345 | Depths:4 | Found a gate to the Realm of Zot.
 66345 | Depths:4 | Noticed Jory
 66374 | Depths:4 | Killed Jory
 67364 | Vaults:2 | Upgraded the game from 0.28-a0-1033-g1a2f33fa85 to
                  | 0.28-a0-1080-g05a166d0ed
 67439 | Crypt:1  | Entered Level 1 of the Crypt
 67512 | Crypt:1  | Identified the +4 hand crossbow of Karma {elec, Dex+3}
                  | (Okawaru gifted it to you on level 1 of the Crypt)
 67512 | Crypt:1  | Received a gift from Okawaru
 67756 | Crypt:1  | Noticed an ancient lich
 67773 | Crypt:1  | Killed an ancient lich
 68450 | Crypt:1  | Received a gift from Okawaru
 68904 | Arena    | Entered the Arena
 68936 | Crypt:1  | HP: 11/226 [???[a doom hound] (6)]
 69298 | Crypt:1  | Identified the +4 longbow of Midsummer {flame, Str+3}
 69475 | Crypt:1  | Reached XP level 25. HP: 243/243 MP: 31/31
 69627 | Crypt:1  | Upgraded the game from 0.28-a0-1080-g05a166d0ed to
                  | 0.28-a0-1159-g27aa881441
 69848 | Crypt:2  | Acquired 844 gold pieces
 69916 | Crypt:2  | Upgraded the game from 0.28-a0-1159-g27aa881441 to
                  | 0.28-a0-1435-g82390b3a13
 70632 | Crypt:3  | Entered Level 3 of the Crypt
 70776 | Crypt:3  | Noticed Xtahua
 70812 | Crypt:2  | Killed Xtahua
 71161 | Crypt:3  | Received a gift from Okawaru
 71550 | Crypt:3  | Received a gift from Okawaru
 71952 | Crypt:3  | Found a staircase to the Tomb.
 72235 | Crypt:3  | Found an ancient bone altar of Kikubaaqudgha.
 72314 | Crypt:3  | Received a gift from Okawaru
 72411 | Crypt:3  | Noticed a dread lich
 72423 | Crypt:3  | Killed a dread lich
 72448 | Crypt:3  | Identified the ring "Qoffa" {rElec rN+}
 72448 | Crypt:3  | Identified the ring "Jeshogg" {rPois rF++ rN+ Str+4}
 73069 | Vaults:5 | Entered Level 5 of the Vaults
 73074 | Vaults:5 | Reached skill level 15 in Evocations
 73074 | Vaults:5 | Noticed an ancient lich
 73086 | Vaults:5 | Killed an ancient lich
 73390 | Vaults:5 | Noticed an ancient lich
 73417 | Arena    | Entered the Arena
 73426 | Arena    | Killed an ancient lich
 73627 | Vaults:5 | Identified the +8 plate armour of Dim Light {rC+ rCorr}
                  | (Okawaru gifted it to you on level 5 of the Vaults)
 73627 | Vaults:5 | Received a gift from Okawaru
 74030 | Vaults:5 | Noticed an ancient lich
 74082 | Vaults:5 | Reached XP level 26. HP: 250/250 MP: 27/31
 74091 | Arena    | Entered the Arena
 74104 | Arena    | Killed an ancient lich
 74245 | Vaults:5 | Identified the ring "Namez" {Fly rC+ EV+4 Str-3 Dex+3}
 75276 | Vaults:5 | Got a silver rune of Zot
 75430 | Vaults:5 | Upgraded the game from 0.28-a0-1435-g82390b3a13 to
                  | 0.28-a0-1493-g08698888e4
 75537 | Vaults:5 | Identified the +9 dire flail "Coipoch" {antimagic, rN+
                  | Will++}
 76177 | Swamp:2  | Killed Timpunn's ghost
 76680 | Depths:5 | Entered Level 5 of the Depths
 76849 | Depths:5 | Noticed the Enchantress
 76881 | Depths:5 | Killed the Enchantress
 77050 | Depths:5 | Found a basalt altar of Yredelemnul.
 77077 | Depths:5 | Received a gift from Okawaru
 77322 | Depths:5 | Noticed a juggernaut
 77429 | Depths:5 | Received a gift from Okawaru
 77504 | Depths:5 | Upgraded the game from 0.28-a0-1493-g08698888e4 to
                  | 0.28-a0-1524-ge72afd5fc6
 77624 | Depths:5 | Identified the +0 scale mail "Mieton" {-Cast Rampage Dex+6}
 77711 | Depths:5 | Received a gift from Okawaru
 77858 | Depths:5 | Received a gift from Okawaru
 77883 | Depths:5 | Found a shimmering altar of Xom.
 78381 | Depths:5 | Killed a juggernaut
 78440 | Depths:5 | Paralysed by a floating eye for 3 turns
 78448 | Depths:5 | Paralysed by a floating eye for 3 turns
 78452 | Depths:5 | Identified the +9 ring mail of Evolution {Int+4}
 78536 | Depths:5 | Received a gift from Okawaru
 78851 | Depths:5 | Found an ornate altar of the Wu Jian Council.
 78922 | Depths:5 | Found a glowing silver altar of Zin.
 78922 | Depths:5 | Found a one-way gateway to a ziggurat.
 79118 | Zig:1    | Entered Level 1 of a ziggurat
 79140 | Zig:2    | Entered Level 2 of a ziggurat
 79143 | Zig:2    | Noticed an ancient lich
 79157 | Zig:2    | Killed an ancient lich
 79158 | Zig:2    | Reached skill level 15 in Invocations
 79189 | Zig:3    | Entered Level 3 of a ziggurat
 79204 | Zig:3    | Reached XP level 27. HP: 266/266 MP: 32/33
 79229 | Zig:3    | Acquired 747 gold pieces
 79239 | Zig:4    | Entered Level 4 of a ziggurat
 79286 | Zig:5    | Entered Level 5 of a ziggurat
 79360 | Zig:6    | Entered Level 6 of a ziggurat
 79411 | Zig:6    | Found the +7 Singing Sword {vorpal, sonic wave}
 79426 | Zig:6    | Identified the amulet "Coce" {Reflect Fragile rC++ rN+
                  | Regen+ SH+5}
 79448 | Zig:7    | Entered Level 7 of a ziggurat
 79467 | Zig:7    | Paralysed by a wendigo for 1 turns
 79471 | Zig:7    | Paralysed by a wendigo for 1 turns
 79472 | Zig:7    | Paralysed by a wendigo for 1 turns
 79476 | Zig:7    | Paralysed by a wendigo for 1 turns
 79518 | Zig:7    | Identified the +3 hunting sling "Ahudam" {freeze, Fragile
                  | rN+ Str+8}
 79528 | Zig:7    | Identified the +7 halberd of Plog {pain, rF+++}
 79540 | Zig:8    | Entered Level 8 of a ziggurat
 79611 | Zig:8    | Identified the +5 chain mail "Avoati Noetz" {rN+ Will+
                  | Str+3}
 79717 | Zig:9    | Entered Level 9 of a ziggurat
 79815 | Zig:9    | Identified the ring "Goeni" {+Blink rPois rCorr Str-2
                  | Int-2}
 79868 | Zig:10   | Entered Level 10 of a ziggurat
 79900 | Arena    | Entered the Arena
 79910 | Arena    | Killed from afar by a Hell Sentinel

Illustrated notes

Levels and vault maps discovered:
D:1:      minmay_arrival_four_circles, layout_basic,
          shapermc_ecumenical_altar_mp_ritualfount, st_stairs_14
D:2:      layout_basic, serial_corexii_hall, chequers_hall_statues_wall_a,
          chequers_hall_statues_y, corexii_hall_statues_i,
          corexii_hall_statues_x, chequers_hall_statues_wall_a,
          chequers_hall_statues_corner_a, minmay_tromino_mix6
D:3:      layout_loops_ring, serial_shops, nicolae_shop_behind_doors,
          minmay_quadrilaterals
D:4:      layout_gridville, serial_shops, shop, ebering_ghost_rock_garden,
          uniq_crazy_yiuf_cottage
D:5:      layout_basic
D:6:      cheibrodos_steamvent, layout_loops_ring,
          nicolae_ru_sacrificial_ziggurat, hangedman_decor_slide_cut
D:7:      layout_basic, minmay_temple_entry_gardened_gates
D:8:      layout_rooms, nicolae_wwwww, nicolae_specific_store,
          minmay_shattered_shrine, uniq_joseph
D:9:      layout_basic, roderic_lattice_a
D:10:     layout_cave_pods, minmay_orc_entry_temple_small, serial_undead,
          serial_undead_b, serial_undead_e, serial_undead_c, serial_undead_f,
          serial_undead_b, serial_undead_c, serial_undead_c,
          kennysheep_just_a_vault
D:11:     layout_roguey, grunt_lair_entry_orc_guard_hut
D:12:     layout_roguey
D:13:     layout_basic, erik_vaults_1, minmay_evil_grid, uniq_sonja,
          uniq_maurice
D:14:     layout_rooms, serial_shops, nicolae_inconvenience_store,
          nrook_campfire, minmay_guarded_unrand_finisher
D:15:     grunt_enter_depths_hoard, layout_irregular_city, serial_shops, shop,
          lemuel_coloured_pillars_altar, nrook_guardian_serpent_ordinary,
          uniq_jorgrun
Temple:   grunt_wide_crystal_templ
Lair:1:   layout_loops_ring, special_room [special_room_bee], tgw_fedhas
Lair:2:   layout_loops_ring, basic_altar, gammafunk_ghost_split,
          serial_bayou_crossing, uniq_fannar
Lair:3:   nzn_winding_woodlands_small [nzn_winding_woodlands_5x15_concentric,
          nzn_winding_woodlands_center_triple_pond,
          nzn_winding_woodlands_5x15_crooked], layout_gridlike,
          guppyfry_snake_entry_garden
Lair:4:   layout_cave_pods, minmay_swamp_entry_worms, serial_bayou,
          serial_bayou_pond_c, serial_bayou_shore_a, serial_bayou_pond_a,
          serial_bayou_pond_d, serial_bayou_pond_a, serial_bayou_shore_b
Lair:5:   layout_long_grid, minmay_slime_entry_pillars, basic_altar,
          gammafunk_ghost_split, columned_hall_lemuel, st_stairs_5,
          roderic_carrion_pond, lemuel_fruit_fields, serial_bayou_shore_b,
          lemuel_fruit_fields
Lair:6:   hellmonk_lair_end_abyssal_woods, layout_regular_city
Swamp:1:  layout_basic_swamp, evilmike_swamp_ruin_house_6, swamp_pool1
Swamp:2:  layout_basic_swamp, gammafunk_ghost_split, nicolae_swamp_fairy_circle
Swamp:3:  layout_falls_marsh, nicolae_swamp_small_spring, swamp_pool1
Swamp:4:  swamp, layout_basic_swamp, swamp_pool1
Snake:1:  layout_gridlike, serial_shops, shop_fountains
Snake:2:  nicolae_snakescales, layout_chambers, serial_shops,
          nicolae_stop_n_shop_2, st_stairs_9, nicolae_snake_storage_room
Snake:3:  layout_misc_corridors, ebering_ghost_disaster_area, grunt_megastairs_2
Snake:4:  snake_pit_salamanders_mu, layout_onion_interference,
          gammafunk_ghost_cemetery
Orc:1:    layout_caves, serial_shops, shop, nicolae_shop_stone
Orc:2:    st_orc_congregation, layout_caves, maelrawn_ghost_gauntlet_escape,
          serial_shops, shop
Elf:1:    nicolae_elf_arrival_dilemma, layout_onion_city, serial_shops, shop,
          kennysheep_underground_church, uniq_azrael
Elf:2:    elven_hall_of_blades_hangedman_alternative [nicolae_blade_bullseye],
          layout_gridlike, portal_desolation_entry_ruin, serial_aquarium,
          aquarium_bridge_island_small [aquarium_subvault_small_water,
          aquarium_subvault_wall, aquarium_subvault_bridge,
          aquarium_subvault_wall, aquarium_subvault_wall],
          aquarium_bridge_long_separate [aquarium_subvault_window,
          aquarium_subvault_window, aquarium_subvault_bridge,
          aquarium_subvault_bridge, aquarium_subvault_balcony,
          aquarium_subvault_bridge], aquarium_window_fake, aquarium_window_fake,
          aquarium_view_2b, aquarium_balcony_3a, uniq_louise, uniq_donald
Vaults:1: vaults_room_door_hall, hangedman_vaults_stitches,
          nicolae_vaults_angled_halls, v_misc_15, ontoclasm_vaults_twist,
          special_room_vaults [special_room_orc],
          nicolae_vaults_windows_and_doors_thing,
          vaults_standard_mumra_enter_the_diamond,
          nicolae_vaults_diagonal_hallway_7, nicolae_vaults_network_barrier,
          nicolae_vaults_asterisk, nicolae_vaults_big_ls, vaults_room_grid,
          vaults_mumra_lcd, layout_vaults_big_cross, serial_shops, shop
Vaults:2: vaults_mumra_chevron_long, nicolae_vaults_network_quincunx
          [nicolae_vaults_network_quincunx_subvault,
          nicolae_vaults_network_quincunx_subvault,
          nicolae_vaults_network_quincunx_subvault,
          nicolae_vaults_network_quincunx_subvault,
          nicolae_vaults_network_quincunx_subvault], gammafunk_sealed_arena,
          hangedman_vaults_corner, ontoclasm_vaults_shuriken,
          grunt_vaults_diagonal, layout_vaults_chaotic_city
Vaults:3: minmay_crypt_entry_nasty_monster, ontoclasm_vaults_ligature,
          nicolae_vaults_little_squares_1, v_misc_19, vaults_room_hallway,
          hangedman_vaults_nails, v_pattern_3, v_misc_12,
          hangedman_vaults_snaps, nicolae_vaults_alarming, special_room_vaults
          [special_room_orc], layout_vaults_ring, infiniplex_enter_wizlab_water,
          serial_shops, shop_fountains, uniq_boris, uniq_margery
Vaults:4: gammafunk_vaults_ghost_tricky_traps, vaults_room_hallway,
          hangedman_vaults_nails, hangedman_vaults_cutoff, v_misc_19,
          nicolae_vaults_specimen_jars, v_misc_28, st_cells, v_misc_10,
          vaults_room_grunt_arrival_ludios, v_pattern_4, layout_vaults_quadrants
Vaults:5
Crypt:1:  grunt_deathspiral_small, layout_gridlike, beargit_elvish_explorers
Crypt:2:  layout_misc_corridors
Crypt:3:  evilmike_haunted_forest, uniq_xtahua
Depths:1: layout_basic, serial_shops, nicolae_shop_behind_doors,
          nicolae_shop_stone, shop, hangedman_abyss_or_decor_jellyfish_corner,
          pf_coc_iceberg, kennysheep_generic_room_15
Depths:2: minmay_the_grid_octo_tiled_octocenter [minmay_the_grid_octo_checkered,
          minmay_the_grid_octo_fan_narrow, minmay_the_grid_octo_checkerflower,
          minmay_the_grid_octo_teeth, minmay_the_grid_octo_prize_single_spiral,
          minmay_the_grid_square_5x5_comb, minmay_the_grid_square_5x5_slash,
          minmay_the_grid_square_5x5_fancy_junction,
          minmay_the_grid_square_5x5_doubleslash], layout_cross,
          ebering_ghost_disaster_area, minmay_misc_feat_pillars, pan_entry,
          grunt_hell_entry_dis_mu, minmay_misc_feat_enclosed,
          minmay_staircase_bubble
Depths:3: vault_1, layout_gridlike, abyss_entry, infiniplex_staircase_zigzag_2,
          hell_entry, skrybe_limestone_x, uniq_mennas
Depths:4: kennysheep_blocky_room, layout_cave_pools, nicolae_uskayaw_suspiria,
          hell_entry, abyss_entry, serial_shops, bzr_entry_customers,
          minmay_microvault, infiniplex_staircase_star, uniq_jory
Depths:5: grunt_profane_halls [grunt_profane_temple_tar,
          grunt_profane_temple_dis, grunt_profane_temple_coc,
          grunt_profane_temple_geh, grunt_profane_loot], hell_entry,
          uniq_enchantress
Zig:10
Arena

Skill      XL: |  1  2  3  4  5  6  7  8  9 10 11 12 13 14 15 16 17 18 19 20 21 22 23 24 25 26 27 |
---------------+----------------------------------------------------------------------------------+-----
Shields        | 4 8 15 20 24 25 | 25.0
Axes           | 3 4 5 6 7 8 12 | 12.9
Dodging        | 2 4 7 9 10 11 16 17 18 19 20 21 22 | 22.8
Fighting       | 4 5 8 13 15 17 18 19 20 21 23 25 | 25.7
Armour         | 4 6 9 10 12 13 15 17 18 19 20 22 | 22.4
Maces & Flails | 5 8 11 13 14 15 | 15.2
Invocations    | 2 9 12 15 | 15.9
Throwing       | 3 9 14 | 14.0
Evocations     | 4 9 10 11 13 16 17 | 17.9
Polearms       | |  0.2

Action                   |  1- 3 |  4- 6 |  7- 9 | 10-12 | 13-15 | 16-18 | 19-21 | 22-24 | 25-27 || total
-------------------------+-------+-------+-------+-------+-------+-------+-------+-------+-------++-------
Melee: War axe           |   100 |   106 |   178 |       |       |       |       |  1003 |  1917 ||  3304
       Headbutt          |    12 |    21 |    48 |   178 |   449 |   366 |   490 |   562 |   625 ||  2751
       Mace              |       |       |    70 |   613 |  1272 |   809 |   486 |       |       ||  3250
       Dire flail        |       |       |       |       |   274 |   506 |       |       |       ||   780
       Morningstar       |       |       |       |       |       |       |  1218 |   786 |       ||  2004
Throw: Dart              |       |     5 |     1 |    33 |     3 |       |       |       |       ||    42
       Boomerang         |       |     8 |       |    64 |    40 |       |       |       |     3 ||   115
       Javelin           |       |       |       |    14 |    60 |    89 |   101 |   164 |   175 ||   603
       Throwing net      |       |       |       |     2 |       |       |       |     2 |       ||     4
Invok: Heroism           |       |       |     2 |    40 |    47 |    49 |    54 |    25 |    34 ||   251
       Duel              |       |       |       |       |     1 |       |     1 |     2 |     3 ||     7
       Finesse           |       |       |       |       |       |       |       |     5 |     5 ||    10
Evoke: Wand              |       |       |       |     2 |       |       |       |     2 |       ||     4
       Lightning rod     |       |       |       |       |       |       |       |       |     3 ||     3
  Use: Scroll            |       |     4 |     4 |     7 |    13 |     2 |     6 |     5 |     5 ||    46
       Potion            |       |     1 |       |     1 |       |       |     1 |     3 |     7 ||    13
 Stab: Held in net/web   |       |       |       |     3 |       |       |       |       |       ||     3
       Distracted        |       |       |       |       |       |    25 |    10 |       |       ||    35
       Confused          |       |       |       |       |       |     1 |       |       |       ||     1
       Paralysed         |       |       |       |       |       |     1 |       |       |       ||     1
Armor: Scale mail        |    49 |    20 |    89 |   150 |       |       |       |       |       ||   308
       Chain mail        |       |       |       |    69 |   453 |       |       |       |       ||   522
       Plate armour      |       |       |       |       |    76 |   634 |   857 |   624 |   699 ||  2890
Dodge: Dodged            |    61 |    45 |   189 |   442 |   806 |   761 |   733 |   636 |   582 ||  4255
Block: Buckler           |    27 |    11 |    42 |   108 |   248 |   173 |       |       |       ||   609
       Kite shield       |       |       |       |       |       |    15 |  1193 |   763 |       ||  1971
       Reflection        |       |       |       |       |       |       |    61 |    27 |    13 ||   101
       Tower shield      |       |       |       |       |       |       |       |   360 |  1948 ||  2308

Table legend: (Time is in decaauts)
 A = Elapsed time spent in this place.
 B = Non-inter-level travel time spent in this place.
 C = Inter-level travel time spent in this place.
 D = Time resting spent in this place.
 E = Time spent auto-exploring this place.
 F = Levels seen in this place.
 G = Mean time per level.
                   A        B        C        D        E       F      G
               +--------+--------+--------+--------+--------+-----+--------+
         Total |  81959 |  73759 |   8200 |  14954 |  22594 |  66 | 1241.8 |
       Dungeon |  21665 |  18696 |   2969 |   4669 |   7443 |  15 | 1444.3 |
        Temple |     42 |     30 |     12 |      0 |     14 |   1 |   42.0 |
          Lair |   9627 |   7896 |   1731 |    471 |   3303 |   6 | 1604.5 |
         Swamp |   3924 |   3471 |    453 |    445 |   1629 |   4 |  981.0 |
     Snake Pit |   7020 |   6490 |    530 |   1447 |   1690 |   4 | 1755.0 |
  Orcish Mines |   2802 |   2586 |    216 |    692 |    790 |   2 | 1401.0 |
   Elven Halls |   3369 |   3223 |    146 |    512 |    536 |   2 | 1684.5 |
        Vaults |  13419 |  12420 |    999 |   2858 |   3550 |   5 | 2683.8 |
         Crypt |   5666 |   5173 |    493 |    252 |   1212 |   3 | 1888.7 |
        Depths |  10126 |   9478 |    648 |   2059 |   2216 |   5 | 2025.2 |
      Ziggurat |    726 |    726 |      0 |      7 |     24 |  10 |   72.6 |
        Wizlab |   1979 |   1979 |      0 |   1335 |     26 |   1 | 1979.0 |
    Desolation |   1410 |   1410 |      0 |    119 |    158 |   1 | 1410.0 |
         Arena |    178 |    178 |      0 |     83 |      0 |   7 |   25.4 |
               +--------+--------+--------+--------+--------+-----+--------+

Top non-repeatable levels by time:
Vaults:4: 3192 daAuts
Vaults:2: 3024 daAuts
Vaults:1: 2737 daAuts
 Snake:4: 2437 daAuts
Vaults:5: 2332 daAuts
 Crypt:1: 2305 daAuts
Depths:2: 2272 daAuts
Depths:3: 2255 daAuts
     D:7: 2237 daAuts
   Orc:2: 2223 daAuts
 Crypt:3: 2177 daAuts
Depths:5: 2148 daAuts
Vaults:3: 2132 daAuts
  WizLab: 1979 daAuts
  Lair:6: 1963 daAuts
